 Dungeon Crawl Stone Soup version 0.18.1-5-g4a78601 (webtiles) character file.

410 barb4r1an the Charmwright (level 6, 0/42 HPs)
             Began as a High Elf Skald on May 13, 2016.
             Slain by a big kobold
             ... wielding a +0 dagger
              (6 damage)
             ... in a sewer.
             The game lasted 00:08:35 (5319 turns).

barb4r1an the Charmwright (High Elf Skald)          Turns: 5319, Time: 00:08:36

Health: 0/42       AC:  9    Str: 13    XL:     6   Next: 58%
Magic:  12/13      EV: 12    Int: 16    God:
Gold:   226        SH:  0    Dex: 15    Spells: 4 memorised, 5 levels left

rFire  . . .     SeeInvis .     a - +0 falchion
rCold  . . .     Gourm    .     D - +0 ring mail
rNeg   . . .     Faith    .     (no shield)
rPois  .         Spirit   .     (no helmet)
rElec  .         Dismiss  .     (no cloak)
rCorr  .         Reflect  .     (no gloves)
SustAt .         Harm     .     y - +0 pair of boots
MR     .....                    (no amulet)
Stlth  +.........               (no ring)
                                v - +2 ring of protection

@: not resistant to hostile enchantments, very unstealthy
A: rugged brown scales 1
a: no special abilities


You were in a sewer.
You were not hungry.

You visited 1 branch of the dungeon, and saw 4 of its levels.
You also visited: Sewer.

You collected 226 gold pieces.

Inventory:

Hand Weapons
 a - a +0 falchion (weapon)
Armour
 t - a fire dragon hide
 u - a +4 scale mail
 y - a +0 pair of boots (worn)
 D - a +0 ring mail (worn)
Jewellery
 v - a +2 ring of protection (left hand)
Wands
 s - a wand of lightning (6/15)
Scrolls
 f - a scroll of identify
 h - a scroll of recharging {unknown}
 j - a scroll of enchant armour {unknown}
 m - a scroll of teleportation {unknown}
 q - 2 scrolls of remove curse
 r - a scroll of noise {unknown}
 w - a scroll of fear {unknown}
 B - 2 scrolls of blinking {unknown}
Potions
 e - a potion of flight
 k - 3 potions of agility
 l - a potion of magic
 p - 3 potions of curing
 x - 2 potions of might
 C - a potion of lignification {unknown}
 F - 3 potions of heal wounds {unknown}
Books
 c - a book of Battle

   Spells                             Type                      Level
   a - Infusion                       Charms                       1
   b - Shroud of Golubria             Charms/Translocation         2
   c - Song of Slaying                Charms                       2
   d - Spectral Weapon                Hexes/Charms                 3
   e - Regeneration                   Charms/Necromancy            3
Comestibles
 d - 3 bread rations
 i - a royal jelly
 n - a beef jerky
 o - 2 meat rations
 z - a slice of pizza


   Skills:
 + Level 2.7 Fighting
 + Level 3.8 Long Blades
 + Level 2.1 Armour
 + Level 3.1 Dodging
 - Level 1.0 Stealth
 * Level 4.2 Spellcasting
 * Level 5.0 Charms
 * Level 1.0 Necromancy


You had 5 spell levels left.
You knew the following spells:

 Your Spells              Type           Power        Failure   Level  Hunger
a - Infusion              Chrm           ###.         4%          1    None
b - Song of Slaying       Chrm           ###.....     10%         2    ##.....
c - Shroud of Golubria    Chrm/Tloc      ##........   21%         2    ##.....
d - Regeneration          Chrm/Necr      ##........   30%         3    ###....


Dungeon Overview and Level Annotations

Branches:
Dungeon (4/15)
 Temple: D:4-7

Altars:
Fedhas
Ru
Sif Muna


Innate Abilities, Weirdness & Mutations

You are partially covered in rugged brown scales (AC +1, +3% HP).


Message History

The big kobold hits you but does no damage.
You closely miss the big kobold.
The big kobold is severely wounded.
The big kobold hits you with a dagger.
* * * LOW HITPOINT WARNING * * *
You closely miss the big kobold.
The big kobold is severely wounded.
The big kobold hits you but does no damage.
You hit the big kobold.
The big kobold is almost dead.
The big kobold hits you with a dagger.
* * * LOW HITPOINT WARNING * * *
You hit the big kobold but do no damage.
The big kobold is almost dead.
The big kobold hits you but does no damage.
You miss the big kobold.
The big kobold is almost dead.
The big kobold hits you but does no damage.
The big kobold hits you with a dagger.
You die...

##.†..≈≈≈≈≈≈≈≈≈....
#.....≈≈≈≈≈≈≈≈≈...#
#.....#≈≈≈≈≈≈≈≈...#
#....##≈≈≈≈≈≈≈≈(..#
#....#≈≈≈≈≈≈≈≈≈....
##....≈≈≈≈≈≈≈≈≈≈....
#....≈≈≈≈≈≈≈≈≈≈≈...#
#..(.≈≈≈≈≈≈≈≈≈≈≈...#
###@###≈#≈#≈####'###
#.)K..##≈#≈# #...).#
#.....# #≈# #..().#
##...## #≈ ##...##
?...! #.....#
#!!#?!# #..#..# ###
### ####### ≈≈≈ ≈≈≈
≈≈≈≈≈≈≈≈ ≈≈≈≈≈≈≈≈≈≈


You could see a big kobold.

Vanquished Creatures
  An ogre (D:4)
  A big kobold (Sewer)
  8 adders
  6 river rats
  An ooze (Sewer)
  An adder skeleton (D:4)
  A worm (D:2)
  3 dart slugs
  3 giant geckos
  An orc (D:3)
  9 bats
  8 giant cockroaches
  5 goblins
  11 hobgoblins
  A quokka (D:2)
  7 ball pythons
  3 giant newts
  26 kobolds
  30 rats
126 creatures vanquished.

Vanquished Creatures (others)
  An orc priest (D:2)
  A hobgoblin (D:2)
  A bat (D:2)
  A rat (D:2)
4 creatures vanquished.

Grand Total: 130 creatures vanquished

Notes
Turn   | Place    | Note
--------------------------------------------------------------
     0 | D:1      | barb4r1an the High Elf Skald began the quest for the Orb.
     0 | D:1      | Reached XP level 1. HP: 14/14 MP: 4/4
   261 | D:1      | Reached skill level 4 in Charms
   341 | D:1      | Reached XP level 2. HP: 13/19 MP: 4/6
   679 | D:1      | Reached skill level 1 in Armour
  1357 | D:2      | Reached XP level 3. HP: 22/24 MP: 7/7
  1394 | D:2      | Reached skill level 1 in Stealth
  1726 | D:2      | Learned a level 2 spell: Song of Slaying
  1729 | D:2      | Learned a level 2 spell: Shroud of Golubria
  2141 | D:2      | Reached XP level 4. HP: 25/29 MP: 3/9
  2163 | D:2      | Learned a level 3 spell: Regeneration
  3271 | D:3      | Found a sacrificial altar of Ru.
  3357 | D:3      | Found a blossoming altar of Fedhas.
  3531 | D:4      | Gained mutation: You are partially covered in rugged brown scales (AC +1, +3% HP). [potion of beneficial mutation]
  3576 | D:4      | Noticed an ogre
  3585 | D:4      | Killed an ogre
  3585 | D:4      | Reached XP level 5. HP: 22/36 MP: 3/11
  4040 | D:4      | Found a deep blue altar of Sif Muna.
  4100 | D:4      | Found a glowing drain.
  4124 | Sewer    | Entered a sewer
  4379 | Sewer    | Reached XP level 6. HP: 26/42 MP: 12/12
  4386 | Sewer    | HP: 1/42 [river rat (7)]
  5277 | Sewer    | Reached skill level 5 in Charms
  5277 | Sewer    | Reached skill level 1 in Necromancy
  5319 | Sewer    | Slain by a big kobold

Skill      XL: |  1  2  3  4  5  6 |
---------------+-------------------+-----
Charms         | 4 5 |  5.0
Armour         | 1 2 |  2.1
Stealth        | 1 |  1.0
Dodging        | 2 3 |  3.1
Long Blades    | 3 |  3.8
Spellcasting   | 3 4 |  4.2
Necromancy     | 1 |  1.0
Fighting       | |  2.7

Action                   |  1- 3 |  4- 6 || total
-------------------------+-------+-------++-------
Melee: Falchion          |   137 |   385 ||   522
 Cast: Infusion          |     2 |     7 ||     9
       Song of Slaying   |       |     4 ||     4
       Regeneration      |       |     1 ||     1
  Use: Scroll            |       |     9 ||     9
       Potion            |       |     4 ||     4
 Stab: Sleeping          |     3 |     1 ||     4
       Distracted        |     1 |       ||     1
       Paralysed         |       |     1 ||     1
  Eat: Chunk             |     4 |    11 ||    15
Armor: Leather armour    |    37 |       ||    37
       Fire dragon hide  |     3 |       ||     3
       Scale mail        |       |    68 ||    68
       Ring mail         |       |   213 ||   213
Dodge: Dodged            |    81 |   401 ||   482
